Cogmind - Beta 13 @@@ ROGUE MODE // 2024.04.08 @ 05:44:53 Player: Astrozal Result: Self-destructed Performance ------------- Evolutions (2) 1000 Regions Visited (4) 800 Robots Destroyed (34) 170 Value Destroyed (891) 891 Prototype IDs (4) 80 Alien Tech Used (0) 0 Bonus (200) 200 TOTAL SCORE: 3141 Bonus ------- Pacifist 200 Cogmind --------- Core Integrity 434/550 Matter 129/450 Energy 100/100 System Corruption 0% Temperature Cool (0) Movement Treading (480) Ox4 Location -8/Materials Parts ------- > --- POWER (1) -------- (None) > --- PROPULSION (4) --- Light Treads > --- UTILITY (4) ------ Huge Storage Unit Compact Matter Pod Terrain Scan Processor > --- WEAPON (2) ------- (None) > --- INVENTORY (25) --- Ion Engine Improved Ion Engine Improved Ion Engine Improved Aluminum Leg Medium Storage Unit Small Matter Pod (0) Medium Matter Pod (0) Field Recycling Unit (0) Pulse Rifle High-powered Shotgun High-powered Shotgun High-powered Shotgun Enhanced Autogun Improved Light Cannon Mining Laser Peak State ------------ > --- POWER ------------ Light Nuclear Core > --- PROPULSION ------- Improved Aluminum Leg Improved Aluminum Leg Improved Aluminum Leg Carbon-fiber Leg > --- UTILITY ---------- Huge Storage Unit Compact Matter Pod Terrain Scan Processor High-powered Tractor Beam > --- WEAPON ----------- Heavy Assault Rifle Enhanced Autogun > --- INVENTORY -------- Ion Engine Improved Ion Engine Improved Ion Engine Improved Aluminum Leg Medium Storage Unit Small Matter Pod Medium Matter Pod Field Recycling Unit Pulse Rifle Shotgun Improved Light Cannon Rocket Launcher Mining Laser [Rating: 28] Favorites ----------- Power Improved Ion Engine Engine Improved Ion Engine Power Core Light Nuclear Core Propulsion Improved Aluminum Leg Treads Light Treads Leg Improved Aluminum Leg Utility Medium Storage Unit Device Shield Generator Storage Medium Storage Unit Processor Terrain Scan Processor Weapon Improved Light Cannon Ballistic Gun Heavy Assault Rifle Ballistic Cannon Improved Light Cannon Launcher Rocket Launcher Build | -11 -10 -9 -9 -8 ------- Run | Yrd Mat Mat Min Mat Slots Evolved 4 | . . 2 . 2 Power . | . . . . . Propulsion 2 | . . . . 2 Utility 2 | . . 2 . . Weapon . | . . . . . Parts Attached 48 | 6 6 12 7 17 Power 4 | 1 . 2 . 1 Engine 3 | 1 . 2 . . Core 1 | . . . . 1 Reactor . | . . . . . Propulsion 11 | 2 1 2 2 4 Treads 4 | 2 1 . . 1 Leg 7 | . . 2 2 3 Wheel . | . . . . . Hover . | . . . . . Flight . | . . . . . Utility 15 | 1 4 3 1 6 Device 6 | . 1 2 1 2 Storage 8 | 1 3 1 . 3 Processor 1 | . . . . 1 Hackware . | . . . . . Protection . | . . . . . Artifact . | . . . . . Weapon 18 | 2 1 5 4 6 Energy Gun . | . . . . . Energy Cannon . | . . . . . Ballistic Gun 9 | 2 1 2 1 3 Ballistic Cannon 2 | . . 1 1 . Launcher 7 | . . 2 2 3 Special Weapon . | . . . . . Impact Weapon . | . . . . . Slashing Weapon . | . . . . . Piercing Weapon . | . . . . . Special Melee Weapon . | . . . . . Unidentified Prototypes . | . . . . . Parts Lost 9 | . . 1 . 8 Power 2 | . . 1 . 1 Propulsion 3 | . . . . 3 Utility 2 | . . . . 2 Weapon 2 | . . . . 2 Highest Loss Streak 7 | . . 1 . 7 To Critical Strikes . | . . . . . Average Slot Usage (%) 94 | . 86 89 100 98 Engine 8 | . 14 10 11 2 Core 1 | . . . . 6 Treads 6 | . 27 11 . . Leg 19 | . . 10 22 35 Device 17 | . 2 21 22 12 Storage 17 | . 14 13 22 18 Processor 1 | . . . . 5 Ballistic Gun 15 | . 28 16 11 11 Ballistic Cannon 5 | . . 4 7 5 Launcher 1 | . . 1 2 . Naked Turns . | . . . . . Heaviest Build 104 | 11 17 35 28 104 Greatest Support 54 | 40 40 40 26 54 Greatest Overweight (x) 4 | . . 2 1 4 Average Overweight (x) . | . . . 1 1 Largest Inventory Capacity 25 | 8 25 10 10 25 Average Capacity 13 | 7 10 10 10 24 Most Carried 15 | 6 8 10 10 15 Average Carried 9 | 3 6 9 9 11 Final Capacity 25 | 8 10 10 10 25 Final Carried 15 | 6 7 10 10 15 Class Distribution -------------------- 100% | Mutant Dominant Class ---------------- Mutant | -10/Materials Mutant | -9/Materials Mutant | -9/Mines Mutant | -8/Materials Resources | -11 -10 -9 -9 -8 ----------- Run | Yrd Mat Mat Min Mat Matter Collected 986 | 200 . 444 127 215 Remotely 233 | . . . 18 215 Salvage Created 783 | . . 343 135 305 Parts 53 | . . 26 13 14 Haulers Intercepted . | . . . . . Recyclers Shooed 1 | 1 . . . . Parts Field Recycled 5 | . . 5 . . Retrieved Matter 35 | . . 35 . . Parts Self-Destructed . | . . . . . Prevented . | . . . . . Kills | -11 -10 -9 -9 -8 ------- Run | Yrd Mat Mat Min Mat Combat Hostiles Destroyed 30 | . . 11 11 8 Guns 12 | . . 6 2 4 Cannons 2 | . . 1 . 1 AOE 16 | . . 4 9 3 Classes Destroyed 8 | . . 4 1 3 Worker 1 | . . . . 1 Recycler 1 | . . . . 1 Watcher 2 | . . 2 . . Swarmer 13 | . . 2 8 3 Grunt 12 | . . 6 2 4 Brawler 1 | . . . 1 . Sentry 3 | . . 3 . . Hunter 1 | . . . . 1 Best Kill Streak 8 | . . 5 8 4 Combat Bots Only 8 | . . 5 8 3 Max Kills in Single Turn 2 | . . 2 2 2 Gunslinging . | . . . . . Exploded 2 | . . 2 2 1 Melee . | . . . . . Uniques/NPCs Destroyed . | . . . . . Combat | -11 -10 -9 -9 -8 -------- Run | Yrd Mat Mat Min Mat Hostile Shots Fired 192 | . . 62 46 84 Missed 48 | . . 12 15 21 Damage Taken 1623 | . . 549 211 863 Core 184 | . . 43 25 116 Absorbed by Shields 213 | . . 119 88 6 Core Remaining (%) 94 | 100 100 . 83 . Volleys Fired 69 | 1 1 31 13 23 Largest 2 | 1 2 2 2 2 Hottest 62 | 20 40 62 56 62 Shots Fired 124 | 1 2 62 16 43 Gun 79 | 1 2 42 8 26 Cannon 23 | . . 14 . 9 Launcher 22 | . . 6 8 8 Special . | . . . . . Kinetic 102 | 1 2 56 8 35 Thermal . | . . . . . Explosive 22 | . . 6 8 8 Electromagnetic . | . . . . . Robot Hit Streak 12 | 1 1 12 5 7 Robot Miss Streak 5 | . 1 5 2 3 Penetration Max . | . . . . . Secondary Targets 1 | . . 1 . . Max Gunslinging Chain 1 | . . 1 . . Shots Hit Robots 78 | 1 1 42 10 24 Core Hits 53 | 1 . 21 11 20 Critical Kills . | . . . . . Critical Parts Destroyed . | . . . . . Critical Strikes . | . . . . . Melee Attacks . | . . . . . Impact . | . . . . . Slashing . | . . . . . Piercing . | . . . . . Sneak Attacks . | . . . . . Combat Hostiles . | . . . . . Follow-up Attacks . | . . . . . Damage Inflicted 2444 | 8 8 867 692 869 Guns 738 | 8 8 418 79 225 Cannons 251 | . . 165 . 86 Explosions 1444 | . . 280 613 551 Melee . | . . . . . Ramming 11 | . . 4 . 7 Kinetic 989 | 8 8 583 79 311 Thermal . | . . . . . Explosive 1444 | . . 280 613 551 Electromagnetic . | . . . . . Impact . | . . . . . Slashing . | . . . . . Piercing . | . . . . . Highest Corruption 1 | . 1 . . . Average Corruption 1 | . 1 . . . Corruption Purged . | . . . . . Corruption Blocked . | . . . . . Overload Shots . | . . . . . Overflow Damage 140 | . . 6 92 42 Projectiles 6 | . . 6 . . Explosions 134 | . . . 92 42 Melee . | . . . . . Knockbacks 3 | . . 2 . 1 Impact . | . . . . . Kinetic 3 | . . 2 . 1 Secondary . | . . . . . Self-Inflicted Damage 49 | . . 35 14 . Shots 3 | . . 2 1 . Rammed 1 | . . 1 . . Targets Rammed 3 | . . 1 . 2 Kicked 2 | . . . . 2 Crushed . | . . . . . Highest Temperature 75 | . . 28 . 75 Average Temperature 16 | . . 10 . 20 Received Heat Transfer 597 | . . 247 8 342 Siege Activations . | . . . . . Robots Corrupted . | . . . . . Combat Hostiles . | . . . . . Parts Fried . | . . . . . Impact Corruptions . | . . . . . Robots Melted . | . . . . . Combat Hostiles . | . . . . . Parts Melted . | . . . . . Heat Transferred . | . . . . . Parts Sabotaged . | . . . . . Parts Stolen . | . . . . . Parts Stripped . | . . . . . Power Chain Reactions . | . . . . . Alert | -11 -10 -9 -9 -8 ------- Run | Yrd Mat Mat Min Mat Peak Influence 367 | . 38 331 367 212 Initial 80 | . . 15 80 65 Average 150 | . 25 168 240 112 Maximum Alert Level 1 | . . 1 1 1 Low Security (%) 73 | 100 100 56 59 96 Level 1 26 | . . 43 40 3 Level 2 . | . . . . . Level 3 . | . . . . . Level 4 . | . . . . . Level 5 . | . . . . . High Security . | . . . . . Max Security . | . . . . . Squads Dispatched 5 | . . 4 . 1 Investigation 2 | . . 1 . 1 Extermination . | . . . . . Reinforcement 3 | . . 3 . . Assault . | . . . . . Garrison . | . . . . . Intercept . | . . . . . Searches Triggered . | . . . . . Construction Impeded . | . . . . . Haulers Reinforced . | . . . . . Active Scanning Responses . | . . . . . Cargo Convoy Interrupts . | . . . . . Stealth | -11 -10 -9 -9 -8 --------- Run | Yrd Mat Mat Min Mat Distress Signals . | . . . . . Communications Jammed . | . . . . . Distress Signals . | . . . . . Times Spotted 45 | . 1 19 9 16 Peak Tracking Total 6 | . 1 4 4 6 Tactical Retreats 1 | . . 1 . . Traps | -11 -10 -9 -9 -8 ------- Run | Yrd Mat Mat Min Mat Traps Triggered 3 | . 1 . . 2 Indirectly . | . . . . . Trap Hack Attempts . | . . . . . Triggered . | . . . . . Disarmed . | . . . . . Reprogrammed . | . . . . . Reused . | . . . . . Traps Extracted . | . . . . . Installed . | . . . . . Triggered . | . . . . . Machines | -11 -10 -9 -9 -8 ---------- Run | Yrd Mat Mat Min Mat Machines Disabled 2 | . . . . 2 Max in Single Turn 1 | . . . . 1 Machines Repaired . | . . . . . Machines Dismantled . | . . . . . Machines Sabotaged . | . . . . . Overloaded Fab Kills . | . . . . . Hacking | -11 -10 -9 -9 -8 --------- Run | Yrd Mat Mat Min Mat Machines Accessed 12 | . 4 6 . 2 Terminals 8 | . 3 4 . 1 Fabricators . | . . . . . Repair Stations 2 | . . 1 . 1 Recycling Units 2 | . 1 1 . . Scanalyzers . | . . . . . Garrison Access . | . . . . . Total Hacks 27 | . 11 12 . 4 Successful 15 | . 7 6 . 2 Failed 12 | . 4 6 . 2 Catastrophic 2 | . 1 1 . . Database Lockouts . | . . . . . Manual . | . . . . . Terminals 15 | . 7 6 . 2 Fabricators . | . . . . . Repair Stations 4 | . . 2 . 2 Recycling Units 8 | . 4 4 . . Scanalyzers . | . . . . . Garrison Access . | . . . . . Terminal Hacks 9 | . 5 3 . 1 Robot Analysis 1 | . 1 . . . Prototype ID Bank 2 | . . 1 . 1 Alert Level 1 | . . 1 . . Dispatch Records 1 | . 1 . . . Hauler Manifests 1 | . 1 . . . Zone Layout 3 | . 2 1 . . Fabricator Hacks . | . . . . . Repair Station Hacks 2 | . . 1 . 1 Scan Component 2 | . . 1 . 1 Recycling Unit Hacks 4 | . 2 2 . . Process 1 | . 1 . . . Report Inventory 2 | . 1 1 . . Retrieve Components 1 | . . 1 . . Scanalyzer . | . . . . . Garrison Access Hacks . | . . . . . Unauthorized Hacks . | . . . . . Terminals . | . . . . . Fabricators . | . . . . . Repair Stations . | . . . . . Recycling Units . | . . . . . Scanalyzers . | . . . . . Garrison Access . | . . . . . Data Cores Recovered . | . . . . . Used . | . . . . . Hacking Detections 10 | . 3 5 . 2 Full Trace Events 2 | . 1 1 . . Feedback Events 1 | . 1 . . . Corruption 1 | . 1 . . . Feedback Blocked . | . . . . . Robot Schematics Acquired . | . . . . . Robots Built . | . . . . . Authchips . | . . . . . Time . | . . . . . Total Robot Build Rating . | . . . . . Part Schematics Acquired . | . . . . . Parts Built . | . . . . . Authchips . | . . . . . Time . | . . . . . Total Part Build Rating . | . . . . . Parts Repaired . | . . . . . Time . | . . . . . Parts Recycled . | . . . . . Recycled Matter 79 | . 79 . . . Retrieved Matter . | . . . . . Retrieved Components 7 | . . 7 . . Parts Scanalyzed . | . . . . . Part Schematics Acquired . | . . . . . Parts Damaged . | . . . . . Bothacking | -11 -10 -9 -9 -8 ------------ Run | Yrd Mat Mat Min Mat Used RIF Installer . | . . . . . Robots Hacked . | . . . . . Non-combat . | . . . . . Combat . | . . . . . Robot Hacks Applied . | . . . . . Relay Couplers Released . | . . . . . Fabnet Peak Effective % . | . . . . . Robots Rewired . | . . . . . Allies Hacked . | . . . . . Hacks Repelled . | . . . . . Allies | -11 -10 -9 -9 -8 -------- Run | Yrd Mat Mat Min Mat Total Allies . | . . . . . Largest Group . | . . . . . Highest-Rated Group . | . . . . . Highest-Rated Ally . | . . . . . Total Orders . | . . . . . Ally Attacks . | . . . . . Total Damage . | . . . . . Kills . | . . . . . Allies Corrupted . | . . . . . Allies Melted . | . . . . . Intel | -11 -10 -9 -9 -8 ------- Run | Yrd Mat Mat Min Mat Robot Analysis Total 1 | . 1 . . . Derelict Logs Recovered 2 | . . . 2 . Drone Launches . | . . . . . Drone Recoveries . | . . . . . Exploration | -11 -10 -9 -9 -8 ------------- Run | Yrd Mat Mat Min Mat Turns Passed 2492 | 124 244 883 619 622 Spaces Moved 1224 | 69 145 433 303 274 Core 2 | 2 . . . . Treads 451 | 67 145 238 . 1 Legs 771 | . . 195 303 273 Wheels . | . . . . . Hover . | . . . . . Flight . | . . . . . Fastest Speed 50 | 50 160 120 190 190 Average Speed 178 | 156 160 171 190 191 Slowest Speed 480 | 160 160 260 190 480 Overloaded Moves . | . . . . . Propulsion Burnouts . | . . . . . Robots Hopped . | . . . . . Cave-ins Triggered . | . . . . . Exploration Rate (%) 31 | 5 24 37 63 30 Regions Visited 4 Branch Regions 1 Pre-discovered Areas 1 | . . . 1 . Known Exits Taken . | . . . . . Unknown Exits Taken 4 | 1 1 1 1 . Scrap Searched 1 | . . . 1 . Spaces Dug . | . . . . . Terrain Destroyed 113 | . . 52 38 23 Melee . | . . . . . Projectile 2 | . . 1 . 1 AOE 111 | . . 51 38 22 Terrain Rammed . | . . . . . Walls Destroyed . | . . . . . Machines Disabled . | . . . . . Actions | -11 -10 -9 -9 -8 --------- Run | Yrd Mat Mat Min Mat Total 1404 | 81 153 517 329 324 Wait . | . . . . . Move 1220 | 68 144 432 302 274 Hop . | . . . . . Pick Up 34 | 6 . 21 3 4 Fast Attach 18 | 6 4 4 1 3 Attach 4 | . . 1 . 3 Detach 2 | . 1 . . 1 Swap 26 | . 2 7 6 11 Drop 28 | . 1 20 4 3 Fire 69 | 1 1 31 13 23 Melee . | . . . . . Ram . | . . . . . Kick 2 | . . . . 2 Crush 1 | . . 1 . . Escape Stasis . | . . . . . Rewire . | . . . . . Trap . | . . . . . Miscellaneous . | . . . . . Route ------- -11/Scrapyard -10/Materials -9/Materials -9/Mines -8/Materials (discovered 1 exit: [*Fac]) History --------- Turn | Location | Event 12 | -11/Scrapyard | Discovered new exit (range 14) 125 | -11/Scrapyard | Entered Materials 271 | -10/Materials | Discovered new exit (range 16) 302 | -10/Materials | Build established: Mutant 369 | -10/Materials | Entered another Materials area 369 | -9/Materials | Evolved 2 slots: Utility x2 1177 | -9/Materials | Discovered new exit (range 13) 1252 | -9/Materials | Entered Mines 1378 | -9/Mines | Learned location of Storage (-8) 1391 | -9/Mines | Learned Materials stockpile data 1451 | -9/Mines | Destroyed 8 combat bots 1487 | -9/Mines | Received a Rocket Launcher from a helpful Derelict 1857 | -9/Mines | Discovered new exit (range 6) 1871 | -9/Mines | Entered Materials 1871 | -8/Materials | Evolved 2 slots: Propulsion x2 2488 | -8/Materials | Discovered new exit (range 15) 2493 | -8/Materials | Self-destructed Last Messages --------------- Lgt. Nuclear Core destroyed. U-05 Engineer lays Concrete. Destroyed Imp. Heat Sink. U-05 Engineer lays Concrete. U-05 Engineer builds a Wall. U-05 Engineer lays Concrete. K-01 Serf collects debris. U-05 Engineer lays Concrete. Acquired Lgt. Treads. Imp. Aluminum Leg destroyed. U-05 Engineer lays Concrete. Rocket Launcher destroyed. U-05 Engineer lays Concrete. EXIT=FOUND U-05 Engineer lays Concrete. Hpw. Tractor Beam destroyed. Carbon-fiber Leg destroyed. U-05 Engineer lays Concrete. Hvy. Assault Rifle destroyed. U-05 Engineer lays Concrete. Map ----- +----------------------------------------------------+ | #????????????????????????????????????????????? | | # #????????????????????????????????????????????? | | # #?????????????????????????? ?????????????????? | | # #????????????????????????? "?? ??????????????? | | + #????????????????????????? "Y "?????????????? | | # #???????????????????????? "" """???????????? | | # # ? ?????########?????? ???????????!? | | # ## """??#???==!!==#?????? ????????????? | | # #? """ #????=!!==#?????# ""????????????? | | # ## """ #????? #???## """ "????????? | | # #?? ?##????# ##### # """ #????????? | | # #####+########## #????????? | | # [= #????????? | | # [= [!! #????????? | | # == [! #????????? | | # [! #????????? | | # ########## a u #????????? | | # """ #????????# k #????????? | | + """ #????????#| " " ######+#?????????? | | # """ #????????# """ ###????????????????? | | # #????##### "" #??????????????????? | | # #????#[[ r #??????????????????? | | ## #####????#[[ ##?????????????????? | | ## #????????#!! = a ###???????????????? | | ## #????????#!! ! +???????????????? | | ! #????????#!! =@ ###???????????????? | | #????????#!! ## = == #?????????????????? | | #????????####?# === #?????????????????? | | ##########????# #?????????????????? | | ?? #?????????????????? | | g""" a#?????????????????? | | g """ + ????????????????? | | """ ???????????????? | | H g ??????????????? | | [!## ###### g!! ?????????????? | | [ [ * # #??# ??? !! #####????????????? | | [ [! / #??# ???? ##????????????????? | | [[ # " *#??# ???? u ????????????????? | | # #??# ?????? #?????????????????? | | # =#?????